Map: King's Cove LE

Players

RIP - Winner!

  • Race: Zerg Zerg
  • League: Platinum
  • Spawn Location: 5:00

MiuGu

  • Race: Zerg Zerg
  • League: Platinum
  • Spawn Location: 11:00

VOD

Have the link to the VOD?

Description

Time

  • Played on: April 25, 2019, 11:15 a.m.
  • Length: 5:20
Show
View Real Time Build Order
Export as new Build Order

RIP Zerg - Winner!

Build Orders: Pool First 

Get SALT Encoding   

  12  0:02  Drone  
  13  0:10  Drone  
  14  0:20  Extractor, Drone  
  14  0:40  Spawning Pool, Drone  
  14  1:12  Hatchery  
  14  1:18  Drone  
  14  1:28  Overlord  
  14  1:36  Metabolic Boost  
  14  1:46  Zergling x4  
  16  1:51  Zergling x2  
  17  2:03  Baneling Nest  
  17  2:06  Zergling x2  
  17  2:11  Zergling x2  
  18  2:24  Zergling x2  
  19  2:32  Zergling x4  
  21  2:43  Zergling x4  
  23  3:01  Zergling x2  
  23  3:02  Zergling x4  
  25  3:18  Zergling x6  
  27  3:33  Zergling x2  
  21  3:51  Zergling x10  
  21  4:19  Zergling x2  
  21  4:20  Zergling x8  
  25  4:36  Zergling x6  
  26  4:44  Baneling x2  
  26  4:45  Baneling  
Show
View Real Time Build Order
Export as new Build Order

MiuGu Zerg 

Build Orders: Hatch First, Zergling Baneling 

Get SALT Encoding   

  12  0:01  Drone  
  13  0:12  Overlord  
  13  0:18  Drone  
  14  0:31  Drone x2  
  16  0:52  Hatchery  
  16  0:57  Drone  
  16  0:58  Drone  
  16  1:02  Drone  
  18  1:12  Extractor  
  17  1:20  Spawning Pool  
  17  1:23  Drone  
  17  1:26  Drone  
  18  1:33  Drone  
  19  1:44  Drone  
  20  2:06  Overlord  
  20  2:10  Queen x2  
  20  2:11  Zergling x2  
  20  2:12  Zergling x2  
  26  2:16  Metabolic Boost  
  26  2:28  Zergling x2  
  26  2:29  Zergling x2  
  28  2:34  Drone x3  
  31  2:43  Baneling Nest  
  30  2:45  Drone  
  30  2:46  Drone  
  32  2:55  Drone  
  33  3:19  Zergling x16  
  27  3:40  Zergling x10  
  20  3:49  Baneling  
  20  3:50  Baneling  
  17  3:57  Baneling  
  17  3:58  Baneling x3  
  17  4:06  Drone x2  
  15  4:18  Zergling x2  
  15  4:19  Zergling x2  
  15  4:34  Zergling x2  
  15  4:35  Zergling x2  
  16  4:42  Baneling  
  16  4:43  Baneling  
  12  5:05  Drone x3  
Tags
 
Add a new tag
Caveats
  • Supply blocks, unpowered buildings, or Contaminate may cause inaccurate times.
  • Supply counts are checked every 10 seconds.